 Dungeon Crawl Stone Soup version 0.27-a0-1555-g0e7b3fb1d2 (webtiles) character file.

Game seed: 896629265657648598

301 lunkers the Ruffian (level 6, -1/48 HPs)
             Began as a Ghoul Warper on July 14, 2021.
             Slain by a shadow imp (2 damage)
             ... summoned by Eustachio
             ... on level 4 of the Dungeon.
             The game lasted 00:06:06 (4356 turns).

lunkers the Ruffian (Ghoul Warper)                  Turns: 4356, Time: 00:06:06

Health: -1/48      AC:  6    Str: 17      XL:     6   Next: 37%
Magic:  7/7        EV: 11    Int:  8      God:
Gold:   126        SH:  0    Dex:  7 (8)  Spells: 8/8 levels left

rFire    + . .     SeeInvis +     - Unarmed
rCold    + . .     Faith    .   (no shield)
rNeg     + + +     Spirit   .   v - +2 leather armour {rF+}
rPois    ∞         Reflect  .   (no helmet)
rElec    .         Harm     .   (no cloak)
rCorr    .         Rampage  .   (no gloves)
Will     .....                  k - +0 pair of boots
Stlth    +.........             (no amulet)
HPRegen  0.00/turn              l - ring of flight
MPRegen  0.10/turn              m - ring of see invisible

@: flying, hasted, very quick
A: claws 1, cold resistance 1, negative energy resistance 3, inhibited
regeneration, torment resistance 2
a: no special abilities


You were on level 4 of the Dungeon.
You visited 1 branch of the dungeon, and saw 5 of its levels.

You collected 126 gold pieces.

Inventory:

Missiles
 c - 5 boomerangs of dispersal
 g - a throwing net
 h - 122 stones (quivered)
Armour
 a - a +0 leather armour
 k - a +0 pair of boots (worn)
 r - a +0 ring mail
 v - a +2 leather armour of fire resistance (worn)
 x - a +1 pair of gloves
Jewellery
 l - a ring of flight (left claw)
 m - a ring of see invisible (right claw)
Wands
 y - a wand of flame (20)
 B - a wand of polymorph (4)
Scrolls
 b - 2 scrolls of blinking
 e - 4 scrolls of identify {unknown}
 i - 2 scrolls of torment {unknown}
 o - 2 scrolls of noise {unknown}
 p - a scroll of amnesia {unknown}
 q - a scroll of magic mapping {unknown}
 s - 2 scrolls of vulnerability {unknown}
 u - a scroll of fog {unknown}
 w - 3 scrolls of teleportation {unknown}
 z - 3 scrolls of holy word {unknown}
Potions
 d - a potion of haste
 f - a potion of curing
 j - 3 potions of brilliance {unknown}
 n - a potion of cancellation {unknown}
 t - a potion of berserk rage {unknown}
 A - a potion of degeneration {unknown}


   Skills:
 - Level 2.1 Fighting
 - Level 0.8 Throwing
 - Level 0.8 Armour
 - Level 1.7 Dodging
 * Level 7.2 Unarmed Combat
 - Level 1.7 Spellcasting
 - Level 2.6 Translocations


You had 8 spell levels left.
You didn't know any spells.
Your spell library contained the following spells:

 Spells                   Type           Power      Damage    Failure   Level
 Blink                    Tloc           N/A        N/A       22%         2
 Gell's Gravitas          Tloc           2%         N/A       41%         3
 Lesser Beckoning         Tloc           2%         N/A       41%         3
 Teleport Other           Tloc           5%         N/A       41%         3
 Frozen Ramparts          Ice            0%         1d2       78%         3
 Summon Ice Beast         Ice/Summ       0%         N/A       99%         4
 Manifold Assault         Tloc           5%         N/A       99%         5
 Ice Form                 Ice/Tmut       Unusable   N/A       N/A         4

Dungeon Overview and Level Annotations

Branches:
Dungeon (5/15)
 Temple: D:4-7

Altars:

Shops:
D:1 *   D:3 (   D:4 ?((

Annotations:
D:4 Eustachio


Innate Abilities, Weirdness & Mutations

You thrive by killing the living.
You are immune to poison.
You have sharp fingernails.
Your flesh is cold resistant. (rC+)
You are immune to negative energy. (rN+++)
You do not regenerate when monsters are visible.
You are immune to unholy pain and torment.


Message History

The rat misses you. The iron imp closely misses you.
The shadow imp barely misses you. The shadow imp closely misses you.
Unknown command.
You barely miss the iron imp. Your claw misses the iron imp.
The iron imp is severely wounded.
Eustachio says, "Summoning is fun!"
The rat bites you but does no damage.
The shadow imp shouts, "Taste defeat, thou leprous moldwarp frater!"
The shadow imp hits you but does no damage.
The iron imp hits you.
* * * LOW HITPOINT WARNING * * *
The shadow imp hits you but does no damage.
Unknown command.
You barely miss the iron imp.
The iron imp is severely wounded.
The rat bites you but does no damage.
Unknown command.
You scratch the iron imp.
You kill the iron imp!
The shadow imp hits you but does no damage.
The shadow imp barely misses you. The rat bites you.
* * * LOW HITPOINT WARNING * * *
Okay, then.
Eustachio gestures wildly while chanting.
The shadow imp hits you but does no damage.
You feel yourself speed up.
Eustachio hits you with a +0 rapier of draining.
* * * LOW HITPOINT WARNING * * *
The shadow imp hits you.
* * * LOW HITPOINT WARNING * * *
The shadow imp misses you.
Aiming: Throw Flame
Press: ? - help, Shift-Dir - straight line, f - Eustachio
Aim: Eustachio, wielding a +0 rapier of draining and wearing a +0 leather armour (severely wounded, 56% to hit)
The puff of flame hits Eustachio.
Eustachio is severely wounded.
Eustachio hits you with a +0 rapier of draining.
* * * LOW HITPOINT WARNING * * *
The shadow imp hits you.
You die...

######### ##..#.##.#
###.....#..## ###.#.........#
####............##
#..#.............#
##..............r.#
#....#........5@55#
....####........@####
...##..<...##....#..# ####
≈≈###.....####......##### ##..##
≈≈##....### #......#...####....#
...<......#####..###.....##..#.##
............##.#......#.....##.##
#..)..................##.........
##.......#.........##..........##
#........#.......####....#.....#


You could see Eustachio, 3 shadow imps and a rat (summoned).

Vanquished Creatures
  An ogre (D:4)
  An orc priest (D:3)
  An iguana (D:4)
  An orc wizard (D:3)
  3 gnolls (D:4)
  3 adders
  An ufetubus (D:5)
  An adder skeleton (D:4)
  A worm (D:2)
  2 dart slugs
  5 orcs (D:3)
  8 endoplasms
  3 giant cockroaches
  8 goblins
  3 hobgoblins (D:2)
  3 jackals (D:1)
  6 quokkas
  7 ball pythons
  3 frilled lizards
  3 kobolds
  8 rats
72 creatures vanquished.

Notes
Turn   | Place    | Note
-------+----------+-------------------------------------------
     0 | D:1      | lunkers the Ghoul Warper began the quest for the Orb.
     0 | D:1      | Reached XP level 1. HP: 17/17 MP: 2/2
   277 | D:1      | Found Ibref's Assorted Antiques.
   303 | D:1      | Reached XP level 2. HP: 19/24 MP: 3/3
   310 | D:1      | Reached skill level 3 in Unarmed Combat
   648 | D:1      | Found a faded altar of an unknown god.
   748 | D:1      | Reached XP level 3. HP: 29/29 MP: 4/4
   915 | D:2      | Reached skill level 4 in Unarmed Combat
  2021 | D:3      | Reached XP level 4. HP: 36/36 MP: 5/5
  2202 | D:3      | HP: 1/36 [orc (1)]
  2204 | D:3      | Reached skill level 5 in Unarmed Combat
  2621 | D:3      | Reached XP level 5. HP: 34/41 MP: 6/6
  2902 | D:3      | Found Jaclet's Antique Weapon Emporium.
  3618 | D:4      | Reached skill level 6 in Unarmed Combat
  3801 | D:4      | Found Zimetaul's Antique Weapon Shoppe.
  3801 | D:4      | Found Weulifusm's Antique Weapon Shop.
  3803 | D:4      | Found Iczinuar's Magic Scroll Shoppe.
  3834 | D:4      | Noticed an ogre
  3841 | D:4      | Killed an ogre
  3842 | D:4      | Reached XP level 6. HP: 32/48 MP: 7/7
  4224 | D:5      | Entered Level 5 of the Dungeon
  4243 | D:5      | Noticed Eustachio
  4245 | D:5      | Reached skill level 7 in Unarmed Combat
  4356 | D:4      | HP: 1/48 [Eustachio (6)]
  4356 | D:4      | Slain by a shadow imp

Illustrated notes

Levels and vault maps discovered:
D:1:      roderic_dead_forest, layout_basic, serial_shops, shop_fountains,
          shapermc_ecumenical_altar_petra
D:2:      layout_basic
D:3:      layout_loops_corners, serial_shops, nicolae_square_shop
D:4:      layout_cave_pools, abandoned_shop, nicolae_wooded_promenade
D:5:      layout_cave_pools, uniq_eustachio

Skill      XL: |  1  2  3  4  5  6 |
---------------+-------------------+-----
Unarmed Combat | 3 4 5 6 7 |  7.2
Fighting       | |  2.1
Throwing       | |  0.8
Armour         | |  0.8
Dodging        | |  1.7
Spellcasting   | |  1.7
Translocations | |  2.6

Action                   |  1- 3 |  4- 6 || total
-------------------------+-------+-------++-------
Melee: Unarmed           |   142 |   113 ||   255
       Punch             |     3 |     3 ||     6
Throw: Stone             |    62 |    43 ||   105
Evoke: Wand              |       |     1 ||     1
  Use: Potion            |       |     3 ||     3
Armor: Leather armour    |    26 |    53 ||    79
       Ring mail         |     7 |       ||     7
Dodge: Dodged            |    75 |    85 ||   160

Table legend: (Time is in decaauts)
 A = Elapsed time spent in this place.
 B = Non-inter-level travel time spent in this place.
 C = Inter-level travel time spent in this place.
 D = Time resting spent in this place.
 E = Time spent auto-exploring this place.
 F = Levels seen in this place.
 G = Mean time per level.
                   A        B        C        D        E       F      G
               +--------+--------+--------+--------+--------+-----+--------+
         Total |   4326 |   4251 |     75 |    611 |   2865 |   5 |  865.2 |
       Dungeon |   4326 |   4251 |     75 |    611 |   2865 |   5 |  865.2 |
               +--------+--------+--------+--------+--------+-----+--------+

Top non-repeatable levels by time:
     D:3: 1658 daAuts
     D:2: 1110 daAuts
     D:1: 845 daAuts
     D:4: 669 daAuts
     D:5: 42 daAuts
